Map: Ruins of Endion

Players

ThisGameSuck - Winner!

  • Race: Protoss Protoss
  • League: Grandmaster

LiquidTLO (TLO)

  • Race: Protoss Protoss
  • League: Grandmaster

VOD

Have the link to the VOD?

Description

Time

  • Played on: July 2, 2016, 2:50 p.m.
  • Length: 7:22
Show
View Real Time Build Order
Export as new Build Order

ThisGameSuck Protoss - Winner!

Build Orders: Phoenix Opening 

Get SALT Encoding   

  12  0:01  Probe (Chrono Boost)  
  13  0:11  Probe (Chrono Boost)  
  14  0:18  Pylon  
  14  0:27  Probe (Chrono Boost)  
  15  0:37  Probe (Chrono Boost)  
  15  0:38  Gateway  
  16  0:48  Probe (Chrono Boost)  
  16  0:49  Assimilator  
  17  0:53  Assimilator  
  17  0:58  Probe (Chrono Boost)  
  18  1:09  Probe (Chrono Boost)  
  18  1:11  Gateway  
  19  1:19  Probe (Chrono Boost)  
  20  1:26  Cybernetics Core  
  20  1:30  Probe (Chrono Boost)  
  21  1:40  Probe (Chrono Boost)  
  21  1:46  Pylon  
  22  1:51  Probe (Chrono Boost)  
  23  2:04  Stargate, Probe (Chrono Boost)  
  23  2:05  Warp Gate (Chrono Boost)  
  24  2:08  Stalker  
  24  2:15  Probe (Chrono Boost)  
  27  2:21  Stalker  
  29  2:29  Pylon  
  29  2:34  Mothership Core (Chrono Boost)  
  31  2:53  Phoenix (Chrono Boost)  
  31  2:56  Probe  
  33  3:05  Pylon  
  33  3:08  Probe  
  34  3:15  Phoenix (Chrono Boost)  
  36  3:23  Probe  
  37  3:33  Nexus  
  37  3:38  Probe (Chrono Boost)  
  38  3:44  Stargate  
  38  3:49  Probe (Chrono Boost)  
  38  3:53  Assimilator  
  39  3:57  Phoenix (Chrono Boost)  
  39  4:00  Probe  
  42  4:13  Probe (Chrono Boost)  
  42  4:16  Pylon  
  43  4:22  Phoenix (Chrono Boost)  
  43  4:23  Probe (Chrono Boost)  
  46  4:34  Phoenix (Chrono Boost)  
  46  4:37  Probe  
  49  4:49  Probe  
  49  4:50  Phoenix (Chrono Boost)  
  52  4:56  Assimilator  
  52  4:59  Probe  
  53  5:04  Probe  
  56  5:11  Probe  
  57  5:16  Probe  
  57  5:20  Oracle (Chrono Boost)  
  59  5:21  Robotics Facility  
  59  5:24  Probe  
  60  5:28  Probe  
  61  5:36  Probe  
  61  5:41  Probe  
  63  5:47  Void Ray (Chrono Boost)  
  63  5:48  Probe  
  66  5:52  Pylon  
  66  5:53  Probe  
  67  6:00  Probe  
  68  6:05  Probe  
  70  6:11  Observer (Chrono Boost)  
  70  6:13  Void Ray (Chrono Boost)  
  74  6:18  Probe  
  74  6:21  Pylon  
  74  6:25  Gateway x2  
  73  6:35  Stalker x2  
  73  6:38  Immortal (Chrono Boost)  
  81  6:42  Mothership Core (Chrono Boost)  
Show
View Real Time Build Order
Export as new Build Order

LiquidTLO Protoss 

Build Orders: Oracle Opening 

Get SALT Encoding   

  12  0:01  Probe (Chrono Boost)  
  13  0:12  Probe (Chrono Boost)  
  14  0:18  Pylon  
  14  0:23  Probe (Chrono Boost)  
  15  0:37  Probe (Chrono Boost)  
  15  0:41  Gateway  
  16  0:47  Probe (Chrono Boost), Assimilator  
  17  0:58  Probe (Chrono Boost)  
  18  1:06  Assimilator  
  18  1:08  Probe (Chrono Boost)  
  19  1:19  Probe (Chrono Boost)  
  19  1:20  Pylon  
  20  1:29  Cybernetics Core, Probe (Chrono Boost)  
  21  1:37  Zealot  
  23  1:40  Probe (Chrono Boost)  
  24  1:50  Probe (Chrono Boost)  
  24  1:52  Gateway  
  25  2:01  Pylon  
  25  2:11  Stargate  
  25  2:14  Warp Gate  
  25  2:22  Stalker  
  27  2:25  Probe (Chrono Boost)  
  28  2:36  Probe (Chrono Boost)  
  29  2:41  Stalker  
  31  2:46  Pylon  
  31  2:54  Oracle (Chrono Boost)  
  34  3:03  Probe  
  34  3:04  Pylon  
  35  3:15  Probe  
  37  3:40  Nexus  
  37  3:47  Twilight Council  
  35  3:49  Forge  
  35  3:58  Gateway  
  35  4:06  Probe  
  36  4:17  Stalker x2  
  36  4:24  Probe  
  38  4:32  Blink (Chrono Boost)  
  38  4:36  Probe  
  39  4:40  Protoss Ground Weapons Level 1 (Chrono Boost)  
  39  4:41  Stalker  
  41  4:48  Probe  
  41  4:52  Probe  
  41  5:00  Stalker  
  41  5:01  Probe  
  41  5:02  Probe  
  45  5:08  Stalker  
  45  5:13  Probe  
  48  5:18  Stalker  
  48  5:20  Probe  
  51  5:29  Oracle  
  51  5:30  Stalker  
  51  5:35  Pylon  
  51  5:44  Stalker  
  49  5:51  Probe  
  49  5:52  Probe  
  49  5:56  Stalker  
  53  6:03  Probe  
  54  6:05  Stalker  
  56  6:11  Stalker  
  56  6:15  Probe  
  56  6:18  Probe  
  58  6:37  Stalker  
  58  6:38  Stalker x2  
  64  6:46  Probe x2  
  63  6:47  Pylon  
  53  7:04  Probe x2  
  40  7:10  Stalker x2  
  36  7:18  Stalker  
Tags
 
Add a new tag
Caveats
  • Supply blocks, unpowered buildings, or Contaminate may cause inaccurate times.
  • Supply counts are checked every 10 seconds.